 Dungeon Crawl Stone Soup version 0.27-a0-1105-g946c659c87 (webtiles) character file.

Game seed: 5472806513201460331

28482 jestyr24 the Eclecticist (level 13, -7/90 HPs)
             Began as a Djinni Conjurer on Apr 29, 2021.
             Was a High Priest of Makhleb.
             Mangled by a six-headed hydra (15 damage)
             ... on level 3 of the Lair of Beasts on Apr 30, 2021.
             The game lasted 01:42:21 (15832 turns).

jestyr24 the Eclecticist (Djinni Conjurer)         Turns: 15832, Time: 01:42:24

Health: -7/90      AC:  4    Str:  6    XL:     13   Next: 39%
Gold:   645        EV: 13    Int: 31    God:    Makhleb [*****.] SH: 11 Dex: 12

rFire    + + .     SeeInvis +   n - +4 falchion of the Unseen Realm {vorpal, rElec rN+ Will+ SInv}
rCold    x . .     Faith    .   o - +1 buckler
rNeg     + + .     Spirit   .   H - +0 troll leather armour
rPois    ∞         Reflect  +   (no helmet)
rElec    +         Harm     .   w - +2 cloak
rCorr    +         Rampage  .   x - +0 pair of gloves
Will     ++...                  (boots unavailable)
Stlth    ++........             g - amulet "Wualeo Wizuu" {Reflect *Corrode rElec rN+ Slay+2 SH+5}
HPRegen  1.25/turn              C - ring of resist corrosion
MPRegen  0.00/turn              N - +6 ring of intelligence

@: corroded, flying
A: fire resistance 2, cold vulnerability 1, float, innate caster, hp casting,
extra vitality 1
a: Renounce Religion, Minor Destruction, Lesser Servant of Makhleb, Major
Destruction, Greater Servant of Makhleb


You were on level 3 of the Lair of Beasts.
You worshipped Makhleb.
Makhleb was extremely pleased with you.
You visited 2 branches of the dungeon, and saw 15 of its levels.

You collected 841 gold pieces.
You spent 196 gold pieces at shops.

Inventory:

Hand Weapons
 a - the +4 dagger of Qeujen {vorpal, rF- Int+5 Dex+2 Stlth+}
   (You bought it in a shop on level 7 of the Dungeon)

   It inflicts extra damage upon your enemies.
   It affects your intelligence (+5).
   It affects your dexterity (+2).
   It makes you vulnerable to fire.
   It makes you more stealthy.
 e - a +5 scimitar
 n - the +4 falchion of the Unseen Realm (weapon) {vorpal, rElec rN+ Will+ SInv}
   (You found it on level 11 of the Dungeon)

   It inflicts extra damage upon your enemies.
   It insulates you from electricity.
   It protects you from negative energy.
   It lets you see invisible.
   It increases your willpower.
 p - a +2 short sword of speed
 s - a +4 quarterstaff of chaos
 K - a +0 vampiric great sword
Missiles
 u - 36 poisoned darts
 B - 3 throwing nets
 G - a curare-tipped dart
 L - 3 boomerangs of dispersal
Armour
 i - +0 swamp dragon scales
 o - a +1 buckler (worn)
 r - a +1 leather armour of positive energy
 v - a +2 robe of cold resistance
 w - a +2 cloak (worn)
 x - a +0 pair of gloves (worn)
 H - a +0 troll leather armour (worn)
Magical Staves
 E - a staff of air
 O - a staff of earth
 P - a staff of conjuration
Jewellery
 g - the amulet "Wualeo Wizuu" (around neck) {Reflect *Corrode rElec rN+ Slay+2 SH+5}
   (You acquired it on level 5 of the Dungeon)

   [amulet of reflection]

   It reflects blocked missile attacks.
   It affects your accuracy and damage with ranged weapons and melee attacks
   (+2).
   It insulates you from electricity.
   It protects you from negative energy.
   It may corrode you when you take damage.
   It affects your SH (+5).
 C - a ring of resist corrosion (left hand)
 I - a ring of ice
 N - a +6 ring of intelligence (right hand)
Wands
 l - a wand of digging (10)
 q - a wand of polymorph (19)
 D - a wand of flame (51)
 F - a wand of charming (17)
 J - a wand of iceblast (19)
Scrolls
 h - a scroll of blinking
 k - 3 scrolls of brand weapon
 m - 2 scrolls of enchant weapon
 t - a scroll of fog
 y - a scroll of silence
 A - 4 scrolls of identify
 M - 3 scrolls of teleportation
 Q - a scroll of vulnerability {unknown}
Potions
 b - 3 potions of brilliance
 c - a potion of berserk rage
 d - 2 potions of resistance
 f - 7 potions of curing
 j - 2 potions of haste
 z - 2 potions of might


   Skills:
 + Level 7.1 Fighting
 - Level 7.1 Dodging
 - Level 2.2 Stealth
 - Level 7.5 Shields
 + Level 15.5 Spellcasting


You had 10 spell levels left.
You knew the following spells:

 Your Spells              Type           Power      Damage    Failure   Level
a - Magic Dart            Conj           100%       1d8       0%          1
b - Searing Ray           Conj           100%       3d7       0%          2
c - Stone Arrow           Conj/Erth      100%       3d13      0%          3
d - Fulminant Prism       Conj/Hex       44%        3d20      1%          4
e - Iskenderun's Mystic   Conj/Tloc      88%        2d17      1%          4
f - Pain                  Necr           100%       1d9       0%          1
g - Ensorcelled Hibernat  Hex/Ice        100%       N/A       0%          2
h - Confusing Touch       Hex            88%        N/A       0%          3
i - Dazzling Flash        Conj/Hex       100%       N/A       0%          3
j - Iskenderun's Battles  Conj           88%        2d14      1%          5
k - Manifold Assault      Tloc           88%        N/A       1%          5
Your spell library was empty.

Dungeon Overview and Level Annotations

Branches:
Dungeon (12/15)            Temple (0/1) D:5            Lair (3/6) D:11
    Orc (0/2) D:9
  Swamp: Lair:2-4    Shoals: Lair:2-4     Snake: Lair:2-4    Spider: Lair:2-4

Altars:
Dithmenos
Gozag
Makhleb
Vehumet

Shops:
D:2 [   D:4 !   D:5 !   D:6 :   D:7 [=((

Portals:
Trove: D:11 (give 6 scrolls of fog)

Annotations:
D:10 3 runed translucent doors


Innate Abilities, Weirdness & Mutations

You are immune to poison.
Your flesh is very heat resistant. (rF++)
You are vulnerable to cold. (rC-)
You float through the air rather than walking.
You learn spells naturally, not from books.
Your magical power is your life essence.
You have superior vitality. (+4 HP)


Message History

You see here a hell rat corpse.
Casting: Magic Dart (safe; 0% risk of failure)
Confirm with . or Enter, or press ? or * to list all spells.
Aiming: Stone Arrow (safe; 0% risk of failure)
Press: ? - help, Shift-Dir - straight line, f/p - catoblepas
Aim: a catoblepas (severely wounded, 100% to hit)
The stone arrow hits the catoblepas!!
The catoblepas is almost dead.
The six-headed hydra bites you.
You block the six-headed hydra's attack.
The six-headed hydra bites you!
Your corrosive artefact corrodes you!
The six-headed hydra bites you!
The six-headed hydra completely misses you. x2
Casting: Stone Arrow (safe; 0% risk of failure)
Confirm with . or Enter, or press ? or * to list all spells.
Aiming: Stone Arrow (safe; 0% risk of failure)
Press: ? - help, Shift-Dir - straight line, f/p - catoblepas
Aim: a catoblepas (almost dead, 100% to hit)
The stone arrow hits the catoblepas!
You kill the catoblepas!
Makhleb accepts your kill. The six-headed hydra bites you.
You block the six-headed hydra's attack. x2
The six-headed hydra bites you! The six-headed hydra bites you.
The six-headed hydra bites you!
Casting: Stone Arrow (safe; 0% risk of failure)
Confirm with . or Enter, or press ? or * to list all spells.
Aiming: Stone Arrow (safe; 0% risk of failure)
Press: ? - help, Shift-Dir - straight line, f - six-headed hydra
Aim: a six-headed hydra (92% to hit)
The stone arrow hits the six-headed hydra!!
The six-headed hydra is moderately wounded.
* * * LOW HITPOINT WARNING * * *
The six-headed hydra bites you.
* * * LOW HITPOINT WARNING * * *
You block the six-headed hydra's attack.
The six-headed hydra bites you!
* * * LOW HITPOINT WARNING * * *
The six-headed hydra bites you!
You die...

.......)§.# #......#
#..P........# ##......#
#....#.......###........
.....#P.#...........#
..............##...### ..
...P..........####....#...#
..#...........# #........#
..P...≈≈.≈....# #..##>.###
.....≈≈≈≈≈@†.P# ##..# ...#
...≈≈≈≈≈≈D≈≈.## #..## .##
...≈≈≈≈≈≈†≈≈.####...##....
...≈≈≈≈..k≈≈.........P...
..≈≈≈≈.<.≈≈≈....P........
...≈≈≈≈.≈≈≈≈......#....P#
...≈≈≈≈≈≈≈≈≈............#
.P.≈≈≈≈≈≈≈≈...###.#....#.[
#.≈≈≈≈≈≈≈≈.....####..#....


You could see a six-headed hydra and a wind drake (repels missiles).

Vanquished Creatures
  A vault guard (D:11)
  Fannar (D:10)
  A hydra (Lair:1)
  Erolcha (D:9)
  Harold (D:7)
  A catoblepas (Lair:3)
  A boulder beetle (D:11)
  5 two-headed ogres
  Erica (D:10)
  Urug (D:11)
  Pikel (D:9)
  An ugly thing (D:9)
  A black mamba (Lair:1)
  Joseph (D:7)
  6 cane toads
  An unseen horror (D:11)
  3 komodo dragons
  Psyche (D:9)
  2 polar bears (Lair:1)
  A troll (D:11)
  Prince Ribbit (D:6)
  A wraith (D:10)
  Sigmund (D:6)
  Eustachio (D:6)
  26 yaks
  A basilisk (Lair:3)
  2 vampire mosquitoes (D:10)
  4 fire bats (D:10)
  3 wyverns
  2 nagas (Lair:3)
  An acid dragon (D:10)
  7 water moccasins
  A hell hound (D:10)
  Duvessa (D:6)
  A black bear (Lair:1)
  7 orc warriors
  A sky beast (D:6)
  An ogre (D:6)
  A necrophage (D:6)
  43 wolves (Lair:1)
  A phantom (D:6)
  3 centaurs
  A lemure (D:9)
  13 bullfrogs
  2 kobold brigands
  A scorpion (D:5)
  Dowan (D:6)
  A water moccasin zombie (D:6)
  3 howler monkeys
  A wight (D:8)
  2 lava snakes (D:10)
  3 centaur zombies
  A bullfrog zombie (D:5)
  5 orc priests
  3 hounds
  Crazy Yiuf (D:5)
  2 centaur skeletons
  2 iguanas
  5 orc wizards
  5 hell rats (Lair:3)
  2 killer bee zombies
  5 adders
  8 gnolls
  2 shadow imps
  2 white imps (D:6)
  An adder skeleton (D:5)
  3 worms
  25 orcs
  6 ball pythons
  8 bats
  7 endoplasms
  A giant cockroach (D:3)
  13 goblins
  3 hobgoblins
  2 jackals (D:1)
  11 kobolds
  3 quokkas
  3 frilled lizards
  6 rats
305 creatures vanquished.

Vanquished Creatures (others)
  3 fire vortices (D:10)
  84 fulminant prisms
  7 fungi
  9 plants
103 creatures vanquished.

Grand Total: 408 creatures vanquished

Notes
Turn   | Place    | Note
-------+----------+-------------------------------------------
     0 | D:1      | jestyr24 the Djinni Conjurer began the quest for the Orb.
     0 | D:1      | Reached XP level 1. HP: 15/15 MP: 0/0
   153 | D:1      | Reached XP level 2. HP: 12/21 MP: 0/0
   325 | D:1      | Reached skill level 4 in Spellcasting
   642 | D:1      | Reached XP level 3. HP: 21/26 MP: 0/0
   642 | D:1      | Learned a level 1 spell: Pain
   843 | D:1      | Found a faded altar of an unknown god.
  1354 | D:2      | Reached skill level 1 in Fighting
  1359 | D:2      | Reached XP level 4. HP: 21/32 MP: 0/0
  1571 | D:2      | Found Goysuopp's Armour Shop.
  2334 | D:3      | Reached skill level 5 in Spellcasting
  2452 | D:3      | Reached XP level 5. HP: 32/37 MP: 0/0
  2452 | D:3      | Learned a level 2 spell: Ensorcelled Hibernation
  3410 | D:4      | Found a burning altar of Makhleb.
  3413 | D:4      | Became a worshipper of Makhleb the Destroyer
  3429 | D:4      | Reached skill level 1 in Shields
  3489 | D:4      | Found Lynol's Distillery.
  3943 | D:5      | Entered Level 5 of the Dungeon
  4090 | D:5      | Noticed a water moccasin
  4099 | D:5      | Killed a water moccasin
  4100 | D:5      | Reached XP level 6. HP: 1/42 MP: 0/0
  4406 | D:5      | Found a staircase to the Ecumenical Temple.
  4456 | D:5      | Found a runed translucent door.
  4457 | D:5      | Noticed Crazy Yiuf
  4464 | D:5      | Killed Crazy Yiuf
  4465 | D:5      | Reached skill level 6 in Spellcasting
  4477 | D:5      | Identified a scroll of acquirement
  4478 | D:5      | Acquired the amulet "Wualeo Wizuu" {Reflect *Corrode rElec
                  | rN+ Slay+2 SH+5}
  4820 | D:5      | Reached XP level 7. HP: 35/47 MP: 0/0
  4820 | D:5      | Learned a level 3 spell: Confusing Touch
  5449 | D:5      | Found an opulent altar of Gozag.
  5449 | D:5      | Found a shadowy altar of Dithmenos.
  5579 | D:5      | Found Sinaxets's Distillery.
  5775 | D:6      | Found Poneoj's Book Boutique.
  5781 | D:6      | Reached skill level 5 in Shields
  5942 | D:6      | Noticed Eustachio
  5947 | D:6      | Reached XP level 8. HP: 15/52 MP: 0/0
  6386 | D:6      | Killed Eustachio
  6401 | D:6      | Reached skill level 7 in Spellcasting
  6669 | D:6      | Noticed Duvessa
  6669 | D:6      | Noticed Dowan
  6676 | D:6      | Killed Duvessa
  7056 | D:6      | Killed Dowan
  7058 | D:6      | Noticed Prince Ribbit
  7067 | D:6      | Killed Prince Ribbit
  7068 | D:6      | Reached skill level 8 in Spellcasting
  7068 | D:6      | Reached XP level 9. HP: 33/58 MP: 0/0
  7068 | D:6      | Learned a level 3 spell: Stone Arrow
  7234 | D:6      | Noticed Sigmund
  7240 | D:6      | Killed Sigmund
  7240 | D:6      | Reached * piety under Makhleb
  7786 | D:7      | Found Xakod's Armour Shoppe.
  7793 | D:7      | Found Dinwo's Jewellery Shoppe.
  7794 | D:7      | Found Fugoliax's Antique Weapon Shoppe.
  7797 | D:7      | Found Exitt's Antique Weapon Shoppe.
  7811 | D:7      | Bought a crystal dagger for 196 gold pieces
  7811 | D:7      | Identified the +4 dagger of Qeujen {vorpal, rF- Int+5 Dex+2
                  | Stlth+} (You bought it in a shop on level 7 of the Dungeon)
  8283 | D:7      | Noticed Joseph
  8287 | D:7      | Killed Joseph
  8288 | D:7      | Reached skill level 9 in Spellcasting
  8659 | D:7      | Noticed Harold
  8664 | D:7      | Killed Harold
  8665 | D:7      | Reached skill level 10 in Spellcasting
  9062 | D:8      | Reached XP level 10. HP: 51/64 MP: 0/0
  9088 | D:8      | Noticed a two-headed ogre
  9092 | D:8      | Killed a two-headed ogre
 10063 | D:9      | Noticed a purple ugly thing
 10065 | D:9      | Reached skill level 11 in Spellcasting
 10071 | D:9      | Killed a purple ugly thing
 10085 | D:9      | Noticed Psyche
 10289 | D:9      | Killed Psyche
 10491 | D:9      | Reached ** piety under Makhleb
 10509 | D:9      | Noticed Erolcha
 10515 | D:9      | Killed Erolcha
 10695 | D:9      | Reached XP level 11. HP: 37/73 MP: 0/0
 10695 | D:9      | Learned a level 5 spell: Iskenderun's Battlesphere
 10735 | D:9      | Noticed Pikel
 10741 | D:9      | Killed Pikel
 10989 | D:9      | Found a staircase to the Orcish Mines.
 11435 | D:9      | Reached skill level 12 in Spellcasting
 11514 | D:10     | Entered Level 10 of the Dungeon
 11829 | D:10     | Noticed Erica
 11836 | D:10     | Killed Erica
 12054 | D:10     | Noticed Fannar
 12067 | D:10     | Killed Fannar
 12068 | D:10     | Reached skill level 5 in Dodging
 12464 | D:10     | Reached skill level 5 in Fighting
 12848 | D:10     | Found a runed translucent gate.
 12848 | D:10     | Found a runed translucent gate.
 12849 | D:10     | Found a runed translucent gate.
 12849 | D:10     | Noticed a green ugly thing
 12849 | D:10     | Noticed a white ugly thing
 12849 | D:10     | Noticed a glowing orange brain
 12849 | D:10     | Noticed a purple ugly thing
 13005 | D:10     | Noticed a cyan very ugly thing
 13008 | D:10     | Noticed a green ugly thing
 13138 | D:11     | Noticed a vault guard
 13146 | D:11     | Killed a vault guard
 13147 | D:11     | Reached skill level 13 in Spellcasting
 13147 | D:11     | Noticed a two-headed ogre
 13396 | D:11     | Noticed a two-headed ogre
 13399 | D:11     | Killed a two-headed ogre
 13400 | D:11     | Reached XP level 12. HP: 80/81 MP: 0/0
 13401 | D:11     | Killed a two-headed ogre
 13401 | D:11     | Reached *** piety under Makhleb
 13402 | D:11     | Noticed a boulder beetle
 13408 | D:11     | Killed a boulder beetle
 13783 | D:11     | Noticed a two-headed ogre
 13786 | D:11     | Killed a two-headed ogre
 13787 | D:11     | Found a staircase to the Lair.
 13787 | D:11     | Noticed Urug
 13793 | D:11     | Killed Urug
 13819 | D:11     | Noticed a two-headed ogre
 13823 | D:11     | Killed a two-headed ogre
 13856 | D:11     | Identified the +4 falchion of the Unseen Realm {vorpal,
                  | rElec rN+ Will+ SInv}
 13929 | D:11     | Found a portal to a secret trove of treasure.
 14072 | Lair:1   | Entered Level 1 of the Lair of Beasts
 14123 | Lair:1   | Reached skill level 14 in Spellcasting
 14128 | Lair:1   | Reached **** piety under Makhleb
 14358 | Lair:1   | Reached XP level 13. HP: 81/90 MP: 0/0
 14358 | Lair:1   | Learned a level 5 spell: Manifold Assault
 14550 | Lair:1   | Reached skill level 15 in Spellcasting
 15248 | Lair:2   | Reached ***** piety under Makhleb
 15832 | Lair:3   | Mangled by a six-headed hydra

Illustrated notes

Levels and vault maps discovered:
D:1:      sevenhm_arrival_forest_fort_small_3, layout_rooms,
          shapermc_ecumenical_altar_mp_ritualfount, st_stairs_5
D:2:      layout_basic, serial_shops, shop, minmay_misc_feat_tiny
D:3:      layout_basic
D:4:      layout_basic, kennysheep_mini, serial_shops, nicolae_shop_trees
D:5:      layout_loops_corners, nicolae_overflow_hidden_temple,
          minmay_temple_entry_antechambers, serial_shops, shop,
          uniq_crazy_yiuf_cottage
D:6:      layout_rooms, serial_shops, shop_fountains, uniq_prince_ribbit1,
          uniq_duvessa, uniq_sigmund, uniq_eustachio
D:7:      layout_loops_ring, roderic_serpentine_path,
          chequers_serial_rivers_small_3, minmay_shop_grid_forest, uniq_harold,
          uniq_joseph
D:8:      lemuel_ice_spiral_2, layout_basic, serial_park_tiny_1,
          chequers_arboretum, minmay_fractal_squares_diagonal_5
D:9:      layout_big_octagon, david_orc_4, kennysheep_generic_room_16,
          uniq_pikel, uniq_psyche, uniq_erolcha
D:10:     layout_loops_ring, ploomutoo_gammafunk_ghost_potion_laboratory,
          hangedman_incinerator, uniq_fannar, uniq_erica
D:11:     layout_basic, lair_entry_dummy, enter_trove_5, uniq_urug
D:12:     layout_irregular_city, serial_shops, nicolae_shop_stone, uniq_rupert
Lair:1:   layout_loops_ring, grunt_forest_large_clearings, lemuel_fruit_tree
Lair:2:   layout_loops_ring, chequers_serial_rivers_room_b, beast_lair_carwin_11
Lair:3:   layout_layer_cave, minmay_shoals_entry_beasts,
          minmay_snake_entry_guardpost_small, serial_bayou_pond_c,
          minmay_hedge_maze, infiniplex_staircase_pool_2

Skill      XL: |  1  2  3  4  5  6  7  8  9 10 11 12 13 |
---------------+----------------------------------------+-----
Spellcasting   | 4 5 6 8 10 11 13 14 15 | 15.5
Fighting       | 1 2 4 5 7 |  7.1
Shields        | 1 3 6 7 |  7.5
Stealth        | 2 |  2.2
Dodging        | 3 4 6 7 |  7.1

Action                   |  1- 3 |  4- 6 |  7- 9 | 10-12 | 13-15 || total
-------------------------+-------+-------+-------+-------+-------++-------
Melee: Dagger            |       |     3 |     3 |       |       ||     6
 Cast: Magic Dart        |    70 |    67 |    34 |    40 |    16 ||   227
       Searing Ray       |     2 |    12 |    19 |    18 |    10 ||    61
       Ensorcelled Hiber |       |     1 |     1 |       |       ||     2
       Dazzling Flash    |       |     1 |       |       |       ||     1
       Iskenderun's Myst |       |       |    24 |    51 |    14 ||    89
       Fulminant Prism   |       |       |    16 |    56 |    12 ||    84
       Stone Arrow       |       |       |    14 |    74 |    36 ||   124
       Iskenderun's Batt |       |       |       |     3 |       ||     3
       Pain              |       |       |       |     1 |       ||     1
  Use: Scroll            |     2 |     7 |     1 |     9 |       ||    19
       Potion            |       |     5 |       |       |       ||     5
 Stab: Sleeping          |       |     1 |       |       |       ||     1
Armor: Robe              |     1 |     1 |       |     3 |       ||     5
       Troll leather arm |       |       |       |     5 |       ||     5
Dodge: Dodged            |     2 |     8 |    12 |    17 |     2 ||    41
Block: Buckler           |       |       |    13 |    20 |     7 ||    40
       Reflection        |       |       |     4 |     3 |       ||     7
       Rpst.: Falchion   |       |       |       |     2 |       ||     2

Table legend: (Time is in decaauts)
 A = Elapsed time spent in this place.
 B = Non-inter-level travel time spent in this place.
 C = Inter-level travel time spent in this place.
 D = Time resting spent in this place.
 E = Time spent auto-exploring this place.
 F = Levels seen in this place.
 G = Mean time per level.
                   A        B        C        D        E       F      G
               +--------+--------+--------+--------+--------+-----+--------+
         Total |  15834 |  15282 |    552 |   4277 |   8982 |  15 | 1055.6 |
       Dungeon |  14075 |  13538 |    537 |   4277 |   7565 |  12 | 1172.9 |
          Lair |   1759 |   1744 |     15 |      0 |   1417 |   3 |  586.3 |
               +--------+--------+--------+--------+--------+-----+--------+

Top non-repeatable levels by time:
     D:5: 2906 daAuts
    D:10: 1663 daAuts
     D:8: 1334 daAuts
     D:7: 1303 daAuts
     D:9: 1290 daAuts
     D:2: 1270 daAuts
     D:3: 1026 daAuts
  Lair:1: 1010 daAuts
     D:1: 968 daAuts
     D:6: 899 daAuts
    D:11: 735 daAuts
  Lair:2: 693 daAuts
     D:4: 675 daAuts
  Lair:3: 54 daAuts
    D:12: 1 daAuts
